 Dungeon Crawl Stone Soup version 0.18-a0-97-g9c2abca (webtiles) character file.

295674 Duffy the Executioner (level 21, -3/198 HPs)
             Began as a Hill Orc Fighter on Nov 15, 2015.
             Was the Champion of Makhleb.
             Slain by an eldritch tentacle (11 damage)
             ... called by a lich
             ... while paralysed by an eldritch tentacle
             ... on level 4 of the Vaults.
             The game lasted 02:12:19 (51315 turns).

Duffy the Executioner (Hill Orc Fighter)           Turns: 51315, Time: 02:12:20

Health: -3/198     AC: 37    Str: 22    XL:     21   Next: 26%
Magic:  28/28      EV:  2    Int:  8    God:    Makhleb [******]
Gold:   2694       SH:  0    Dex: 17    Spells: 0 memorised, 20 levels left

rFire  + . .     SeeInvis .     a - +8 executioner's axe (flame)
rCold  . . .     Clarity  .     L - +8 plate armour {rF+}
rNeg   . . .     SustAt   .     (shield currently unavailable)
rPois  .         Gourm    .     X - +2 hat {MR+}
rElec  .         Spirit   .     H - +2 cloak {MR+}
rCorr  .         Warding  .     b - +2 pair of gloves
rMut   .         Stasis   .     z - +0 pair of boots
MR     ++++.                    D - amulet of regeneration
Stlth  ..........               f - ring "Uguitebb" {EV+2 Slay+3}
                                k - ring of protection from magic

@: paralysed, lethally poisoned (-3 -> -17), incredibly resistant to hostile
enchantments, extremely unstealthy
A: horns 1
a: Minor Destruction, Lesser Servant of Makhleb, Major Destruction, Greater
Servant of Makhleb, Renounce Religion
}: 1/15 runes: gossamer


You were on level 4 of the Vaults.
You worshipped Makhleb.
Makhleb was exalted by your worship.
You were not hungry.

You visited 8 branches of the dungeon, and saw 40 of its levels.
You also visited: Labyrinth and Sewer.

You collected 5180 gold pieces.
You spent 2486 gold pieces at shops.


Innate Abilities, Weirdness & Mutations

You have a pair of small horns on your head.


   Skills:
 + Level 19.2 Fighting
 - Level 26.0 Axes
 + Level 17.9 Armour
 + Level 13.0 Dodging
   Level 3.2 Shields
 - Level 7.4 Invocations
 - Level 10.2 Evocations


You had 20 spell levels left.
You didn't know any spells.

Inventory:

Hand Weapons
 a - a +8 executioner's axe of flaming (weapon)
Missiles
 N - 2 throwing nets (quivered)
Armour
 b - a +2 pair of gloves (worn)
 z - a +0 pair of boots (worn)
 H - a +2 cloak of magic resistance (worn)
 L - a +8 plate armour of fire resistance (worn)
 X - a +2 hat of magic resistance (worn)
Jewellery
 c - an uncursed ring of poison resistance
 f - the ring "Uguitebb" (right hand) {EV+2 Slay+3}

   [ring of evasion]

   It affects your evasion (+2).
   It affects your accuracy and damage with ranged weapons and melee attacks
   (+3).
 j - a +4 ring of protection
 k - a ring of protection from magic (left hand)
 x - an uncursed amulet of clarity
 B - an uncursed ring of see invisible
 D - an amulet of regeneration (around neck)
 E - an uncursed ring of protection from fire
 G - an uncursed ring of positive energy
 P - an uncursed ring of ice
Wands
 e - a wand of fire (5)
 g - a wand of draining (10)
 r - a wand of heal wounds (9)
 O - a wand of cold (11)
 U - a wand of disintegration (6)
Scrolls
 h - 2 scrolls of summoning
 i - 8 scrolls of recharging
 m - 6 scrolls of blinking
 q - 8 scrolls of fear
 s - 8 scrolls of remove curse
 t - 7 scrolls of fog
 C - a scroll of holy word
 F - 6 scrolls of teleportation
 S - 13 scrolls of identify
 T - 3 scrolls of magic mapping
Potions
 d - 11 potions of might
 l - 12 potions of heal wounds
 p - 18 potions of curing
 v - a potion of invisibility
 w - 6 potions of haste
 y - 2 potions of magic
 M - 6 potions of agility
 Q - 2 potions of cure mutation
 R - 4 potions of resistance
 W - 2 potions of flight
 Z - 2 potions of cancellation
Miscellaneous
 n - a fan of gales
 u - a sack of spiders
 A - a box of beasts
 J - a lamp of fire
 Y - a phial of floods
Comestibles
 o - 19 bread rations
 I - 6 meat rations
 V - 4 slices of pizza

Dungeon Overview and Level Annotations

Branches:
Dungeon (15/15)            Temple (1/1) D:6            Lair (8/8) D:8
 Shoals (1/4) Lair:6       Spider (4/4) Lair:3        Slime (0/6) Lair:8
    Orc (4/4) D:10            Elf (3/3) Orc:4        Vaults (4/5) D:14
  Crypt (0/3) Vaults:3     Depths (0/5) D:15

Altars:
Ashenzari
Cheibriados
Dithmenos
Elyvilon
Fedhas
Gozag
Kikubaaqudgha
Makhleb
Nemelex Xobeh
Okawaru
Qazlal
Ru
Sif Muna
Trog
Vehumet
Xom
Yredelemnul
Zin
The Shining One
Beogh

Shops:
D:5 *   D:8 :   D:11 %   D:12 *   Orc:1 }   Orc:3 *   Orc:4 =[[?*   Elf:2 *
Vaults:1 (   Vaults:2 *

Annotations:
D:5 Grinder
Shoals:1 exclusion: oklob plant
Elf:2 3 runed doors


Message History

The orc wizard gestures wildly while chanting.
The orc wizard blinks!
The eldritch tentacle slaps you but does no damage.
The eldritch tentacle barely misses you.
The yaktaur hits you but does no damage.
You hear an angry buzzing noise.
You hear a shout!
You hear a shout!
You hear a shout!
You hear a howl!
You hear a shout!
Something hits you!
The eldritch tentacle slaps you but does no damage.
The eldritch tentacle claws you but does no damage.
The orc hits you but does no damage. The yaktaur barely misses you.
The eldritch tentacle slaps you but does no damage.
The eldritch tentacle claws you but does no damage.
You hear some strange, mumbled words.
Something tries to affect you, but you resist.
The yaktaur hits you but does no damage.
The eldritch tentacle slaps you but does no damage.
The eldritch tentacle claws you. The eldritch tentacle shocks you!!
The orc hits you but does no damage. Something hits you but does no damage.
The yaktaur hits you but does no damage.
The eldritch tentacle slaps you!
You are lethally poisoned!
The eldritch tentacle poisons you!
The eldritch tentacle claws you but does no damage.
You feel very sick. The orc hits you but does no damage.
The eldritch tentacle slaps you but does no damage.
The eldritch tentacle claws you.
The eldritch tentacle draws strength from your injuries!
The yaktaur hits you but does no damage.
You feel very sick.
You hear a note loudly blown on a horn!
The orc wizard casts a spell.
The orc wizard blinks!
The eldritch tentacle slaps you!
You die...

####### .......
....... ..o....
......o
......c###+####
#+
....ยง.{@......#
#[
########w.....#
+. #.*....# #.
#..*...# #.
#...*..# #.
#....*.#
#######.
#......#
#.((....
########......#
#.......
#......'...^..#
##'####.


You could see an eldritch tentacle, a yaktaur, an orc wizard (frenzied) and an
orc (frenzied).

Action                   |  1- 3 |  4- 6 |  7- 9 | 10-12 | 13-15 | 16-18 | 19-21 || total
-------------------------+-------+-------+-------+-------+-------+-------+-------++-------
Melee: War axe           |    93 |   168 |   634 |   718 |       |       |       ||  1613
       Battleaxe         |       |       |       |   183 |  1107 |       |       ||  1290
       Scimitar          |       |       |       |     6 |       |       |       ||     6
       Broad axe         |       |       |       |       |    25 |       |       ||    25
       Executioner's axe |       |       |       |       |   132 |  1228 |   872 ||  2232
 Fire: Blowgun           |       |       |     2 |    13 |       |    95 |       ||   110
Invok: Lesser Servant of |       |       |       |     1 |     2 |     3 |       ||     6
 Abil: Evoke Berserk Rag |       |     4 |     9 |    18 |     6 |     2 |     1 ||    40
Evoke: Wand              |       |       |       |     5 |     6 |     4 |       ||    15
  Use: Scroll            |       |     1 |     8 |    12 |    25 |    16 |     9 ||    71
       Potion            |       |       |       |     2 |     1 |     4 |     2 ||     9
 Stab: Distracted        |       |       |       |       |     2 |     1 |       ||     3
       Invisible         |       |       |       |       |     6 |       |       ||     6
       Held in net/web   |       |       |       |       |       |     2 |       ||     2
  Eat: Chunk             |     2 |    10 |    25 |    40 |    46 |    19 |    11 ||   153
       Fruit             |       |       |       |     7 |       |       |     6 ||    13
       Meat ration       |       |       |       |     2 |       |       |       ||     2
       Beef jerky        |       |       |       |       |     1 |     8 |     1 ||    10
       Royal jelly       |       |       |       |       |     1 |       |       ||     1
       Pizza             |       |       |       |       |       |     6 |     6 ||    12

Notes
Turn   | Place    | Note
--------------------------------------------------------------
     0 | D:1      | Duffy the Hill Orc Fighter began the quest for the Orb.
     0 | D:1      | Reached XP level 1. HP: 19/19 MP: 1/1
    19 | D:1      | Reached skill level 3 in Axes
   236 | D:1      | Reached XP level 2. HP: 26/26 MP: 2/2
   457 | D:1      | Reached skill level 4 in Axes
  1187 | D:2      | Reached XP level 3. HP: 27/31 MP: 3/3
  1232 | D:2      | Found a glowing silver altar of Zin.
  1401 | D:2      | Reached skill level 1 in Evocations
  1470 | D:2      | Noticed Terence
  1480 | D:2      | Killed Terence
  1480 | D:2      | Reached skill level 5 in Axes
  1480 | D:2      | Reached XP level 4. HP: 39/39 MP: 3/5
  1555 | D:2      | Reached skill level 2 in Evocations
  2249 | D:3      | Reached XP level 5. HP: 8/45 MP: 6/6
  2499 | D:2      | Reached skill level 6 in Axes
  2708 | D:3      | Reached skill level 3 in Evocations
  3055 | D:3      | Noticed Blork the orc
  3162 | D:3      | Reached XP level 6. HP: 51/51 MP: 8/8
  3504 | D:4      | Reached skill level 7 in Axes
  3606 | D:4      | Reached skill level 4 in Evocations
  3704 | D:4      | Found a sparkling altar of Nemelex Xobeh.
  3807 | D:4      | Reached XP level 7. HP: 57/57 MP: 10/10
  3957 | D:4      | Found an iron altar of Okawaru.
  4131 | D:5      | Entered Level 5 of the Dungeon
  4135 | D:5      | Reached skill level 8 in Axes
  4172 | D:5      | Found a stormy altar of Qazlal.
  4198 | D:5      | Reached skill level 5 in Evocations
  4232 | D:5      | Noticed Edmund
  4248 | D:5      | Killed Edmund
  4339 | D:5      | Reached skill level 4 in Fighting
  4563 | D:5      | Found a glowing drain.
  4583 | Sewer    | Entered a sewer
  4686 | Sewer    | Reached skill level 9 in Axes
  4686 | Sewer    | Reached XP level 8. HP: 56/67 MP: 11/11
  4848 | Sewer    | Reached skill level 4 in Armour
  5159 | Sewer    | Reached skill level 5 in Fighting
  5465 | Sewer    | Reached skill level 10 in Axes
  5682 | D:5      | Reached skill level 5 in Armour
  5943 | D:5      | Noticed Grinder
  5949 | D:5      | Paralysed by Grinder for 3 turns
  6097 | D:5      | Reached skill level 6 in Fighting
  6097 | D:5      | Reached XP level 9. HP: 74/74 MP: 12/12
  6386 | D:5      | Reached skill level 11 in Axes
  6424 | D:6      | Found a staircase to the Ecumenical Temple.
  6548 | Temple   | Entered the Ecumenical Temple
  7111 | D:6      | Reached skill level 6 in Armour
  7410 | D:7      | Reached skill level 7 in Fighting
  7519 | D:7      | Found a blossoming altar of Fedhas.
  7676 | D:7      | Noticed Duvessa
  7676 | D:7      | Noticed Dowan
  7706 | D:7      | Killed Duvessa
  7733 | D:7      | Killed Dowan
  7733 | D:7      | Reached skill level 12 in Axes
  8565 | D:5      | Noticed Crazy Yiuf
  8595 | D:5      | Killed Crazy Yiuf
  8650 | D:5      | Found Obloept's General Store.
  8667 | D:5      | Bought a scroll of identify for 22 gold pieces
  8667 | D:5      | Bought a scroll of magic mapping for 38 gold pieces
  8667 | D:5      | Bought a scroll of identify for 22 gold pieces
  8667 | D:5      | Bought a scroll of identify for 22 gold pieces
  9010 | D:5      | Reached skill level 7 in Armour
  9101 | D:5      | Reached XP level 10. HP: 81/87 MP: 13/13
  9333 | D:8      | Reached skill level 8 in Fighting
  9466 | D:8      | Reached skill level 13 in Axes
  9527 | D:8      | Found Fumm's Book Boutique.
  9537 | D:8      | Noticed a hill giant
  9616 | D:8      | Found a sacrificial altar of Ru.
  9651 | D:8      | Found a shattered altar of Ashenzari.
  9776 | D:8      | Noticed axujen's ghost (novice SpCK)
  9821 | D:8      | Killed a hill giant
 10259 | D:9      | Noticed Erolcha
 10554 | D:8      | Killed axujen's ghost
 10554 | D:8      | Reached skill level 9 in Fighting
 10554 | D:8      | Reached skill level 14 in Axes
 10554 | D:8      | Reached skill level 8 in Armour
 10740 | D:8      | Found a staircase to the Lair.
 10936 | D:9      | Killed Erolcha
 10936 | D:9      | Reached skill level 1 in Dodging
 11167 | D:9      | Found a burning altar of Makhleb.
 11170 | D:9      | Became a worshipper of Makhleb the Destroyer
 11224 | D:9      | Reached XP level 11. HP: 96/96 MP: 14/14
 11252 | D:9      | Reached skill level 2 in Dodging
 11350 | D:9      | Found an ancient bone altar of Kikubaaqudgha.
 11400 | D:9      | Found a shimmering altar of Xom.
 11445 | D:9      | Noticed Joseph
 11468 | D:9      | Killed Joseph
 11771 | D:9      | Reached skill level 15 in Axes
 11781 | D:9      | Reached * piety under Makhleb
 11961 | D:10     | Entered Level 10 of the Dungeon
 12030 | Lair:1   | Entered Level 1 of the Lair of Beasts
 12048 | Lair:1   | Reached skill level 10 in Fighting
 12271 | Lair:1   | Noticed Gastronok
 12275 | Lair:1   | Noticed Nergalle
 12275 | Lair:1   | Noticed Erica
 12298 | D:8      | Killed Erica
 12298 | D:8      | Reached skill level 3 in Dodging
 12298 | D:8      | Reached skill level 1 in Invocations
 12354 | D:8      | Reached skill level 2 in Invocations
 12535 | Lair:1   | Noticed a four-headed hydra
 13043 | D:10     | Reached skill level 3 in Invocations
 13113 | D:10     | Found Kist's Book Boutique.
 13167 | D:10     | Reached ** piety under Makhleb
 13867 | D:10     | Found a staircase to the Orcish Mines.
 13893 | D:10     | Reached skill level 4 in Invocations
 13928 | D:10     | Reached skill level 16 in Axes
 14008 | D:10     | Reached *** piety under Makhleb
 14490 | D:10     | Reached skill level 4 in Dodging
 14649 | D:11     | Found Qafagy Mopy's Food Emporium.
 14738 | D:11     | Noticed a hill giant
 14762 | D:11     | Killed a hill giant
 14762 | D:11     | Reached skill level 5 in Invocations
 15309 | D:11     | Reached XP level 12. HP: 105/105 MP: 15/15
 15563 | D:12     | Found Ello's General Store.
 15731 | D:12     | Bought a scroll of identify for 26 gold pieces
 15990 | D:3      | Killed Blork the orc
 16001 | D:3      | Found a deep blue altar of Sif Muna.
 16224 | D:8      | Killed a nine-headed hydra
 16452 | D:8      | Killed Nergalle
 16473 | Lair:1   | Killed Gastronok
 16473 | Lair:1   | Reached skill level 5 in Dodging
 16671 | Lair:1   | Reached skill level 9 in Armour
 17078 | Lair:1   | Reached **** piety under Makhleb
 17341 | Lair:2   | Reached skill level 17 in Axes
 17769 | Lair:2   | Reached skill level 11 in Fighting
 17938 | Lair:2   | Noticed a six-headed hydra
 17950 | Lair:2   | Killed a one-headed hydra
 18523 | Lair:3   | Reached ***** piety under Makhleb
 18626 | Lair:3   | Found a hole to the Spider Nest.
 19065 | Lair:3   | Reached skill level 6 in Invocations
 19065 | Lair:3   | Reached XP level 13. HP: 110/116 MP: 15/17
 19713 | Lair:4   | Reached skill level 7 in Invocations
 19908 | Lair:4   | Reached skill level 6 in Dodging
 20145 | Lair:4   | Got a transparent broad axe
 20173 | Lair:4   | Identified the +6 broad axe of Emafich {flame, rC+ Str+4} (You found it on level 4 of the Lair of Beasts)
 20815 | Lair:4   | Reached skill level 10 in Armour
 21445 | Lair:5   | Reached skill level 18 in Axes
 21459 | Lair:5   | Reached skill level 12 in Fighting
 22120 | Lair:6   | Found a staircase to the Shoals.
 23098 | Lair:7   | Reached skill level 7 in Dodging
 23508 | Lair:7   | Reached ****** piety under Makhleb
 23948 | Lair:8   | Entered Level 8 of the Lair of Beasts
 23957 | Lair:7   | Reached skill level 11 in Armour
 23990 | Lair:8   | Reached XP level 14. HP: 123/127 MP: 14/19
 24029 | Lair:8   | Found a staircase to the Slime Pits.
 24116 | Lair:8   | Reached skill level 19 in Axes
 24782 | Lair:8   | Reached skill level 20 in Axes
 25328 | Lair:8   | Reached skill level 13 in Fighting
 25394 | Lair:8   | Reached skill level 8 in Dodging
 26019 | D:12     | Reached skill level 12 in Armour
 26278 | D:12     | Noticed Azrael
 26320 | D:12     | Killed Azrael
 26520 | D:12     | Reached XP level 15. HP: 132/135 MP: 17/20
 26923 | D:13     | Reached skill level 9 in Dodging
 27725 | Orc:1    | Entered Level 1 of the Orcish Mines
 27725 | Orc:1    | Found Gemp's Gadget Shop.
 27864 | Orc:2    | Noticed Snorg
 27878 | Orc:2    | Killed Snorg
 29140 | Orc:3    | Noticed Maud
 29160 | Orc:3    | Killed Maud
 29160 | Orc:3    | Reached skill level 13 in Armour
 29383 | Orc:3    | Noticed Donald
 29455 | Orc:3    | Killed Donald
 29517 | Orc:3    | Found Ijubynti's General Store.
 29783 | Orc:3    | Bought a +0 cloak of magic resistance for 149 gold pieces
 29796 | Orc:3    | Bought a scroll of magic mapping for 45 gold pieces
 30100 | Orc:4    | Entered Level 4 of the Orcish Mines
 30266 | Orc:4    | Found a staircase to the Elven Halls.
 30625 | Orc:4    | Found Cieroladd's Antique Armour Shop.
 30625 | Orc:4    | Found Cukaqext's Antique Armour Emporium.
 30629 | Orc:4    | Found Gonemoxt's Jewellery Shoppe.
 30634 | Orc:4    | Reached skill level 10 in Dodging
 30635 | Orc:4    | Found Leajeli's Magic Scroll Boutique.
 30647 | Orc:4    | Bought a scroll of identify for 28 gold pieces
 30647 | Orc:4    | Bought a scroll of identify for 28 gold pieces
 30762 | Orc:4    | Found Sazuaprif's Assorted Antiques.
 30802 | Orc:4    | Bought a scroll labeled INNI XOVAK for 38 gold pieces
 30802 | Orc:4    | Bought a scroll labeled HOKHLA REAXAI for 38 gold pieces
 30907 | Orc:4    | Found a roughly hewn altar of Beogh.
 30976 | Orc:4    | Noticed Saint Roka
 31001 | Orc:4    | Killed Saint Roka
 31423 | Orc:4    | Bought a scroll of identify for 76 gold pieces
 31447 | Orc:4    | Bought a warped cloak for 294 gold pieces
 31448 | Orc:4    | Identified the +1 cloak of Ladders and Snakes {MP+9 Str+2 Int+4} (You bought it in a shop on level 4 of the Orcish Mines)
 31454 | Orc:4    | Bought a scroll of fog for 28 gold pieces
 31454 | Orc:4    | Bought a scroll of summoning for 133 gold pieces
 31454 | Orc:4    | Bought a scroll of blinking for 105 gold pieces
 31454 | Orc:4    | Bought a scroll of recharging for 133 gold pieces
 31454 | Orc:4    | Bought a scroll of teleportation for 42 gold pieces
 31454 | Orc:4    | Bought a scroll of enchant weapon for 105 gold pieces
 31682 | Orc:4    | Bought the ring "Uguitebb" {EV+2 Slay+3} for 503 gold pieces
 32141 | D:14     | Reached skill level 14 in Armour
 32420 | D:14     | Found a gate to the Vaults.
 32858 | D:15     | Entered Level 15 of the Dungeon
 32883 | D:15     | Found a labyrinth entrance.
 32901 | Lab      | Entered a labyrinth
 33063 | Lab      | Reached XP level 16. HP: 145/145 MP: 21/21
 33390 | D:15     | Reached skill level 14 in Fighting
 33427 | D:15     | Noticed Agnes
 33439 | D:15     | Killed Agnes
 33800 | D:15     | Found a staircase to the Depths.
 34152 | D:15     | Reached skill level 21 in Axes
 34516 | Spider:1 | Entered Level 1 of the Spider Nest
 34789 | Lair:3   | Reached skill level 15 in Fighting
 35468 | Spider:1 | Noticed Conn321's ghost (journeyman SpCj)
 35500 | Spider:1 | Killed Conn321's ghost
 35648 | Spider:1 | Noticed Josephine
 35659 | Spider:1 | Killed Josephine
 36075 | Spider:2 | Reached skill level 22 in Axes
 36394 | Spider:2 | Noticed Asterion
 36404 | Spider:2 | Killed Asterion
 37994 | Spider:3 | Reached XP level 17. HP: 156/156 MP: 22/22
 38508 | Spider:4 | Entered Level 4 of the Spider Nest
 38821 | Spider:4 | Reached skill level 11 in Dodging
 39660 | Spider:4 | Reached skill level 15 in Armour
 39909 | Spider:4 | Reached skill level 16 in Fighting
 39914 | Spider:4 | Paralysed by a hornet for 3 turns
 40623 | Spider:4 | Reached skill level 23 in Axes
 40670 | Spider:4 | Got a gossamer rune of Zot
 40988 | Shoals:1 | Entered Level 1 of the Shoals
 41017 | Shoals:1 | Found a white marble altar of Elyvilon.
 41464 | Shoals:1 | Reached skill level 12 in Dodging
 41679 | Shoals:1 | Reached XP level 18. HP: 108/166 MP: 23/23
 42190 | Elf:1    | Entered Level 1 of the Elven Halls
 42251 | Elf:1    | Gained mutation: You have a pair of small horns on your head. [potion of beneficial mutation]
 42540 | Elf:1    | Reached skill level 24 in Axes
 43320 | Elf:2    | Found Pikimue's Assorted Antiques.
 43332 | Elf:2    | Bought a lead wand for 128 gold pieces
 43520 | Elf:2    | Reached skill level 25 in Axes
 43898 | Elf:2    | Found a runed gate.
 43898 | Elf:2    | Found a runed gate.
 43900 | Elf:2    | Found a runed gate.
 43919 | Elf:3    | Entered Level 3 of the Elven Halls
 44339 | Elf:3    | Reached skill level 26 in Axes
 44353 | Elf:3    | Reached XP level 19. HP: 172/172 MP: 24/24
 44413 | Elf:3    | Reached skill level 6 in Evocations
 44658 | Elf:3    | Reached skill level 7 in Evocations
 44733 | Elf:3    | Reached skill level 8 in Evocations
 45006 | Elf:3    | Reached skill level 9 in Evocations
 45022 | Elf:3    | Noticed Norris
 45038 | Elf:3    | Killed Norris
 45310 | Elf:3    | Noticed nono's ghost (veteran GrFi)
 45334 | Elf:3    | Killed nono's ghost
 45334 | Elf:3    | Reached skill level 10 in Evocations
 45467 | Elf:3    | Identified the Reference Book on Transformation and Toxins (You found it on level 3 of the Elven Halls)
 45533 | Elf:3    | Identified the Compendium of Combat Magic (You found it on level 3 of the Elven Halls)
 46550 | Elf:2    | Bought a scroll of identify for 64 gold pieces
 46550 | Elf:2    | Bought a scroll of identify for 64 gold pieces
 46550 | Elf:2    | Bought a scroll of identify for 64 gold pieces
 46550 | Elf:2    | Bought a potion of curing for 96 gold pieces
 47234 | Vaults:1 | Entered Level 1 of the Vaults
 47604 | Vaults:1 | Found Pouph's Antique Weapon Shop.
 47675 | Vaults:1 | Reached skill level 17 in Fighting
 47768 | Vaults:1 | Reached skill level 16 in Armour
 47768 | Vaults:1 | Reached XP level 20. HP: 184/184 MP: 27/27
 48682 | Vaults:2 | Noticed Nikola
 48701 | Vaults:2 | Killed Nikola
 48949 | Vaults:2 | Reached skill level 18 in Fighting
 49129 | Vaults:2 | Reached skill level 17 in Armour
 49431 | Vaults:2 | Found Paifes's Assorted Antiques.
 49434 | Vaults:2 | Bought a glass ring for 195 gold pieces
 50212 | Vaults:3 | Found a staircase to the Crypt.
 50886 | Vaults:3 | Reached XP level 21. HP: 196/196 MP: 28/28
 51088 | Vaults:4 | Reached skill level 19 in Fighting
 51296 | Vaults:4 | Reached skill level 13 in Dodging
 51309 | Vaults:4 | Paralysed by an eldritch tentacle for 6 turns
 51315 | Vaults:4 | Slain by an eldritch tentacle

Vault maps used:
D:1:      saegor_arrival_fortress, lemuel_flame_loot_1
D:2:      lemuel_round_altar, kennysheep_generic_room_7, uniq_terence
D:3:      tgw_sif, first_bread
D:4:      lemuel_doored_altar, nicolae_overflow_hidden_temple
D:5:      kennysheep_spiral_hall, kennysheep_little_box,
          gup_sewer_entry_bubbles, serial_shops, shop,
          kennysheep_generic_room_14, uniq_edmund, uniq_grinder,
          uniq_crazy_yiuf_cottage
D:6:      minmay_temple_entry_junction
D:7:      kennysheep_mini_moat, uniq_duvessa
D:8:      lemuel_round_altar, ashenzari_conservatory_becter,
          david_lair_shrubbed, serial_shops, shop, minivault_10
D:9:      kiku_gazebo_pond_becter, lightli_temple_of_fire, xom_butterflies,
          grunt_livestock, uniq_erolcha, uniq_joseph
D:10:     zombieorc2_lemuel, serial_ice, serial_ice_o, serial_ice_h,
          serial_ice_m, serial_ice_n, serial_ice_d, serial_ice_e, serial_ice_a,
          serial_ice_b, serial_ice_j, serial_ice_c, serial_shops, shop,
          minmay_misc_feat_doors
D:11:     serial_shops, shop, st_stairs_7, minivault_5, spider_trap,
          minivault_11
D:12:     minmay_ornate_pinched, serial_shops, shop, columned_hall_lemuel,
          uniq_azrael
D:14:     david_vaults_1, hangedman_glass_teeth
D:15:     hangedman_depths_entry_civil_slaughter, lab_entry_generic,
          minivault_25, uniq_agnes
Temple:   temple_eino_lava_8
Lair:1:   minmay_holes, minivault_24, fungi_pond_lemuel, uniq_nergalle,
          uniq_erica, uniq_gastronok
Lair:2:   nicolae_quartered_pool_medium
Lair:3:   spider_nest_entry_webs
Lair:4:   pond_and_an_island_with_a_cottage
Lair:5:   infiniplex_staircase_pool, grunt_megastairs_2
Lair:6:   elwin_shoals_entry_rocks, st_stairs_7
Lair:7:   serial_bayou_shore_a
Lair:8:   hangedman_lair_in_review, minmay_slime_entry_pillars
Shoals:1: nicolae_shoals_circle_sea_wall, lemuel_oklob_altar
Spider:1: spider_trap, uniq_josephine
Spider:2: uniq_asterion
Spider:3: minmay_another_anthill
Spider:4: grunt_spider_rune_island
Orc:1:    serial_shops, shop
Orc:2:    uniq_snorg
Orc:3:    serial_shops, shop, nicolae_orc_pool_cavern, uniq_maud, uniq_donald
Orc:4:    st_orc_rangers, serial_shops, nicolae_shop_stone, minmay_orc_temple_a,
          uniq_saint_roka
Elf:1:    hangedman_cross_veins, minivault_28
Elf:2:    special_room, serial_shops, shop
Elf:3:    grunt_elf_hall_diamonds, grunt_ministairs_12,
          minmay_misc_feat_diagonals, kilobyte_rumbling_trees, uniq_norris
Vaults:1: ontoclasm_vaults_loading_screen, v_misc_33,
          nicolae_vaults_angled_halls, v_alt_pattern_5, ontoclasm_vaults_hangar,
          nicolae_vaults_big_ls, nicolae_vaults_diagonal_hallway_8,
          vaults_room_ringed_pool, nicolae_vaults_mini_display_case,
          serial_shops, shop_statue
Vaults:2: v_misc_13, hangedman_vaults_cutoff, v_pattern_2, v_misc_14, v_misc_24,
          nicolae_vaults_what_the_h, hangedman_vaults_hat, vaults_room_pools,
          vaults_room_stairs_pillars, serial_shops, nicolae_shop_trees,
          uniq_nikola
Vaults:3: v_misc_12, vaults_standard_mumra_lines, nicolae_vaults_triangles,
          hangedman_vaults_cutoff, v_misc_8, minmay_crypt_entry_skeletal_spiral,
          v_misc_18, v_misc_10, vaults_room_pool,
          nicolae_vaults_little_squares_5
Vaults:4: vaults_room_fours, nicolae_vaults_ninety_degrees, v_rooms_5,
          vaults_mumra_hex, st_smaller_cells, hangedman_vaults_stitches,
          nicolae_vaults_asterisk, nicolae_vaults_yaktaur_gun_rack,
          nicolae_vaults_rhombus_5, vaults_room_stairs_pillars
Lab:      labyrinth_spiral, labyrinth_lava_lair, nicolae_lab_big_swirl
Sewer:    sewer_co_tree

Vanquished Creatures
  Norris Saint Roka Nikola
  The ghost of nono the Impregnable, a veteran GrFi of Ashenzari Asterion
  2 deep elf blademasters
  A lich
  2 deep elf master archers Gastronok Agnes
  A storm dragon Donald
  An orc warlord Maud
  2 deep elf sorcerers
  5 vault wardens
  4 ghost moths
  A fire giant
  A ghost moth (shapeshifter)
  5 emperor scorpions
  4 very ugly things
  5 ironheart preservers
  12 deep elf demonologists
  4 stone giants
  The ghost of Conn321 the Covert, a journeyman SpCj of Vehumet Azrael
  A salamander stormcaller
  9 deep elf annihilators
  An ettin Snorg
  4 fire dragons
  7 deep elf death magi
  3 vault guards Erolcha
  5 deep elf high priests
  A minotaur Josephine
  6 great orbs of eyes
  6 ogre magi
  3 yaktaur captains
  14 hydras
  A hell beast
  5 entropy weavers
  A ghost crab (shapeshifter)
  A catoblepas
  8 centaur warriors Erica
  2 dancing weapons
  An anaconda (shapeshifter)
  A deep troll earth mage
  6 death yaks
  3 small abominations
  A queen ant
  A deep troll shaman Nergalle
  9 skeletal warriors
  3 fire crabs
  20 deep elf knights
  A spriggan druid
  2 unseen horrors
  A sea snake
  A shadow wraith
  6 deep trolls
  A flayed ghost
  11 deep elf summoners
  A giant orange brain
  A hill giant (shapeshifter)
  8 ironbrand convokers
  5 orc sorcerers
  13 deep elf conjurers
  7 hill giants
  2 necromancers
  14 orb spiders
  A hornet (shapeshifter)
  A wizard
  A shadow dragon skeleton
  40 ugly things
  2 water nymphs
  8 hornets
  5 harpies
  15 griffons
  The ghost of axujen the Slicer, a novice SpCK of Xom
  12 orc knights
  2 tengu skeletons
  3 cyclopes
  An oklob plant
  A faun
  27 wolf spiders
  7 black mambas
  23 elephants
  7 manticores
  A stone giant skeleton
  15 vault sentinels
  2 gargoyles Joseph
  3 moths of wrath
  A komodo dragon (shapeshifter)
  13 spiny frogs
  A torpor snail (shapeshifter)
  13 yaktaurs
  11 komodo dragons
  11 deep elf priests
  16 demonic crawlers
  6 human skeletons
  6 freezing wraiths
  A harpy zombie
  A queen bee (shapeshifter)
  5 merfolk
  A tengu simulacrum
  A tengu conjurer
  2 two-headed ogres (shapeshifter)
  2 polar bears
  6 trolls
  21 jumping spiders
  11 slime creatures
  10 blink frogs
  A harpy skeleton
  7 boulder beetles
  8 two-headed ogres
  4 snapping turtles
  19 trapdoor spiders
  29 deep elf magi
  4 wyverns
  2 ettin skeletons
  4 wraiths
  56 redbacks
  3 water elementals
  16 tarantellas
  6 basilisks
  A shadow
  30 deep elf fighters
  A hog
  35 yaks
  A human
  A basilisk (shapeshifter)
  A fire elemental
  14 wolves
  17 hippogriffs
  9 wargs Edmund
  3 hungry ghosts
  A mottled dragon
  5 soldier ants
  A soldier ant (shapeshifter)
  12 porcupines
  8 vampire mosquitoes
  15 water moccasins
  10 hell hounds Duvessa
  38 orc warriors
  3 sky beasts
  A black bear
  27 ogres
  21 spiders
  3 wasps
  4 phantoms
  6 ice beasts
  An eye of draining
  29 centaurs
  A necrophage
  A komodo dragon zombie
  8 big kobolds
  A brain worm (shapeshifter)
  Blork the orc
  23 giant frogs
  16 crocodiles
  A gnoll sergeant Dowan
  A wyvern skeleton
  6 scorpions
  3 troll zombies
  An elf skeleton
  18 killer bees
  10 wights
  10 electric eels
  24 orc priests
  13 crimson imps
  3 giant frog zombies
  9 hounds
  6 jellies Crazy Yiuf
  6 centaur zombies
  4 centaur skeletons
  2 giant frog skeletons
  29 orc wizards
  7 iguanas
  30 worker ants
  A gnoll shaman Terence
  19 sheep
  2 crocodile zombies
  5 ogre zombies
  A hound zombie
  2 centaur simulacra
  A worker ant zombie
  2 hound skeletons
  21 adders
  7 gnolls
  60 river rats
  7 shadow imps
  4 white imps
  2 worker ant simulacra
  An ufetubus
  4 oozes
  4 adder zombies
  8 worms
  An adder skeleton
  5 giant geckos
  172 orcs
  7 bats
  A bat zombie
  6 giant cockroaches
  7 hobgoblins
  5 jackals
  16 kobolds
  2 quokkas
  6 ball pythons
  8 giant newts
  12 goblins
  A goblin skeleton
  2 goblin zombies
  5 hobgoblin zombies
  2 orc skeletons
  15 orc zombies
  A quokka skeleton
  A quokka zombie
  10 rats
  58 eldritch tentacle segments
  21 fungi
  10 plants
1802 creatures vanquished.
